 Dungeon Crawl Stone Soup version 0.31-a0-1616-gbeaec30b81 (webtiles) character file.

Game seed: 14966568334545143886

128 voltaire321 the Sneak (level 5, -6/49 HPs)
             Began as an Octopode Earth Elementalist on Jan 10, 2024.
             Mangled by a river rat (10 damage)
             ... on level 3 of the Dungeon.
             The game lasted 00:05:51 (2402 turns).

voltaire321 the Sneak (Octopode Earth Elementalist) Turns: 2402, Time: 00:05:52

Health: -6/49      AC:  1    Str:  6 (8)  XL:     5   Next: 12%
Magic:  0/8        EV: 10    Int: 18 (19) God:
Gold:   133        SH:  0    Dex: 10 (12) Spells: 8/9 levels left

rFire   . . .        k - +0 dagger (vamp)
rCold   . . .        (no shield)
rNeg    . . .        (helmet restricted)
rPois   .            (no amulet)
rElec   .            (no ring)
rCorr   .            (no ring)
SInv    .            (no ring)
Will    .....        (no ring) Stlth
                     (no ring)
HPRegen 0.28/turn    (no ring)
MPRegen 0.11/turn    (no ring)
                     (no ring)

%: no passive effects
@: berserking, constricted, very quick
A: almost no armour, amphibious, 8 rings, camouflage 1, gelatinous body 1,
(nimble swimmer 1), tentacles
a: no special abilities


You were on level 3 of the Dungeon.
You visited 1 branch of the dungeon, and saw 3 of its levels.

You collected 133 gold pieces.

Inventory:

Hand Weapons
 c - a +0 dagger
 k - a +0 vampiric dagger (weapon)
Scrolls
 b - a scroll of identify {unknown}
 e - a scroll of immolation {unknown}
 f - a scroll of fog {unknown}
 h - a scroll of vulnerability {unknown}
 j - a scroll of revelation {unknown}
Potions
 a - a potion of magic
 g - a potion of degeneration
 i - a potion of curing {unknown}


   Skills:
 + Level 1.6 Fighting
 + Level 2.7 Dodging
 + Level 3.8 Stealth
 + Level 2.6 Spellcasting
 + Level 2.0 Conjurations
 + Level 3.5 Earth Magic


You had 8 spell levels left.
You knew the following spells:

 Your Spells              Type           Power      Damage    Failure   Level
a - Sandblast             Erth           28%        2d8       4%          1

Your spell library contained the following spells:

 Spells                   Type           Power      Damage    Failure   Level
 Passwall                 Erth           14%        N/A       12%         3
 Stone Arrow              Conj/Erth      24%        3d8       16%         3
 Brom's Barrelling Bould  Conj/Erth      12%        2d4       47%         4
 Petrify                  Alch/Erth      8%         N/A       63%         4


Dungeon Overview and Level Annotations

Branches:
Dungeon (3/15)

Altars:
Dithmenos

Shops:
D:3 (

Portals:
Sewer: D:3


Innate Abilities, Weirdness & Mutations

You cannot wear most types of armour.
You are amphibious.
You can wear up to eight rings at the same time.
Your skin changes colour to match your surroundings (Stealth+).
Your rubbery body absorbs attacks. (AC +1, EV +1)
((You are camouflaged when in or above water. (Stealth+)))
You have tentacles for arms and can constrict up to eight enemies at once.


Message History

The blast of sand hits the giant cockroach.
You kill the giant cockroach!
The ball python closely misses you. The ball python misses you.
Aiming: Sandblast (safe; 3% risk of failure)
Press: ? - help, Q - select action Shift-Dir - straight line, f - ball python
Aim: a ball python (80% to hit)
The blast of sand hits the ball python!
You kill the ball python!
Aiming: Sandblast (safe; 3% risk of failure)
Press: ? - help, Q - select action Shift-Dir - straight line, f - giant cockroach
Aim: a giant cockroach (82% to hit)
The blast of sand hits the giant cockroach.
You kill the giant cockroach!
The river rat barely misses you.
It was a potion of degeneration.
There was something very wrong with that liquid.
You feel weakened.
You feel dopey.
You feel clumsy. The river rat closely misses you.
Aiming: Sandblast (safe; 4% risk of failure)
Press: ? - help, Q - select action Shift-Dir - straight line, f - river rat
Aim: a river rat (80% to hit)
The blast of sand hits the river rat but does no damage.
The river rat barely misses you. The ball python barely misses you.
The ball python grabs you. The ball python constricts you.
Aiming: Sandblast (safe; 4% risk of failure)
Press: ? - help, Q - select action Shift-Dir - straight line, f/p - river rat
Aim: a river rat (80% to hit)
The blast of sand hits the river rat but does no damage.
The river rat bites you.
* * * LOW HITPOINT WARNING * * *
The ball python closely misses you. The ball python constricts you.
* * * LOW HITPOINT WARNING * * *
You don't have enough magic to cast this spell.
Unknown command.
It was a potion of berserk rage.
A red film seems to cover your vision as you go berserk!
You feel yourself moving faster!
You feel mighty! The ball python bites you.
* * * LOW HITPOINT WARNING * * *
The ball python constricts you. The river rat bites you!
You die...

......#.###........#.$.#
........###........#.).#
..............######....
.######.###....#####....
#~~~ #........##.......
#~~~~#........##g......
#~∩~~#.................
#~~~~#S.......#.......#
#~rS~#@r......#.......#
##'###r###....#)......#
........# #....#.......#
##.....## # ...#.......#
....... ..#.......#
≈≈≈≈≈.. #.#####..
≈≈≈≈≈.. ..........
≈⌠.≈≈.# ###.#####.#
≈_>≈≈. .....


You could see a river rat, a ball python and a rat.

Vanquished Creatures
  Robin (D:3)
  5 adders
  A river rat (D:3)
  A dart slug (D:2)
  6 ball pythons
  An endoplasm (D:2)
  5 giant cockroaches
  15 goblins
  4 hobgoblins
  4 jackals (D:1)
  3 quokkas
  A bat (D:1)
  A frilled lizard (D:2)
  6 kobolds
  5 rats
59 creatures vanquished.

Notes
Turn   | Place    | Note
-------+----------+-------------------------------------------
     0 | D:1      | voltaire321 the Octopode Earth Elementalist began the quest
                  | for the Orb.
     0 | D:1      | Reached XP level 1. HP: 11/11 MP: 3/3
   320 | D:1      | Reached XP level 2. HP: 17/17 MP: 5/5
   947 | D:2      | Reached XP level 3. HP: 22/22 MP: 4/6
  1025 | D:2      | Reached skill level 1 in Fighting
  1336 | D:2      | Reached XP level 4. HP: 22/28 MP: 2/7
  1947 | D:3      | Noticed Robin
  1995 | D:3      | Killed Robin
  2092 | D:3      | Found Lisuw's Weapon Shoppe.
  2322 | D:3      | Reached XP level 5. HP: 27/33 MP: 8/8
  2384 | D:3      | Found a glowing drain.
  2386 | D:3      | Found a shadowy altar of Dithmenos.
  2402 | D:3      | Mangled by a river rat

Illustrated notes

Levels and vault maps discovered:
D:1:      roderic_octagonal_star, layout_basic
D:2:      layout_loops_corners
D:3:      layout_basic, general_overflow_altar, serial_shops, shop,
          portal_sewer_entry_c, uniq_pargi, uniq_robin

Skill      XL: |  1  2  3  4 |
---------------+-------------+-----
Stealth        | 3 |  3.8
Fighting       | 1 |  1.6
Conjurations   | 2 |  2.0
Dodging        | |  2.7
Spellcasting   | |  2.6
Earth Magic    | |  3.5

Action                     |  1- 3 |  4- 6 || total
---------------------------+-------+-------++-------
  Melee: Dagger            |    38 |    22 ||    60
         Unarmed           |     4 |       ||     4
         Constrict         |    10 |     5 ||    15
         Tentacles         |     4 |     3 ||     7
   Cast: Sandblast         |    18 |    30 ||    48
    Use: Potion            |       |     2 ||     2
   Stab: Sleeping          |     7 |     4 ||    11
 Armour: Skin              |    16 |    38 ||    54
  Dodge: Dodged            |    24 |    27 ||    51

Table legend: (Time is in decaauts)
 A = Elapsed time spent in this place.
 B = Non-inter-level travel time spent in this place.
 C = Inter-level travel time spent in this place.
 D = Time resting spent in this place.
 E = Time spent auto-exploring this place.
 F = Levels seen in this place.
 G = Mean time per level.
                   A        B        C        D        E       F      G
               +--------+--------+--------+--------+--------+-----+--------+
         Total |   2424 |   2160 |    264 |    243 |   1386 |   3 |  808.0 |
       Dungeon |   2424 |   2160 |    264 |    243 |   1386 |   3 |  808.0 |
               +--------+--------+--------+--------+--------+-----+--------+

Top non-repeatable levels by time:
     D:2: 1117 daAuts
     D:1: 873 daAuts
     D:3: 434 daAuts
